 Dungeon Crawl Stone Soup version 0.31.0-11-ge490571c62 (webtiles) character file.

Game seed: 11011478294020874599

139 qw the Skirmisher (level 5, -5/29 HPs)
             Began as a Deep Elf Hunter on Feb 4, 2024.
             Killed from afar by an orc wizard (11 damage)
             ... with a puff of flame
             ... on level 2 of the Dungeon.
             The game lasted 00:00:09 (1700 turns).

qw the Skirmisher (Deep Elf Hunter)                 Turns: 1700, Time: 00:00:09

Health: -5/29      AC:  7    Str: 14    XL:     5   Next: 1%
Magic:  7/7        EV: 11    Int: 14    God:
Gold:   110        SH:  0    Dex: 20    Spells: 4/4 levels left

rFire   . . .        a - +0 shortbow
rCold   . . .        (shield currently unavailable)
rNeg    . . .        c - +0 ring mail
rPois   .            (no helmet)
rElec   .            l - +0 cloak
rCorr   .            g - +0 pair of gloves
SInv    .            (no boots)
Will    .....        (no amulet)
Stlth   +            i - +6 ring of strength
HPRegen 0.24/turn    (no ring)
MPRegen 0.10/turn

%: no passive effects
@: no status effects
A: no striking features
a: no special abilities


You were on level 2 of the Dungeon.
You visited 1 branch of the dungeon, and saw 3 of its levels.

You collected 164 gold pieces.
You spent 54 gold pieces at shops.


   Skills:
 - Level 1.5 Fighting
 + Level 8.4 Ranged Weapons
 - Level 2.4 Dodging
 - Level 1.2 Stealth


You had 4 spell levels left.
You didn't know any spells.
Your spell library was empty.

Inventory:

Hand Weapons
 a - a +0 shortbow (weapon)
Armour
 c - a +0 ring mail (worn)
 g - a +0 pair of gloves (worn)
 l - a +0 cloak (worn)
Jewellery
 e - a ring of ice
 i - a +6 ring of strength (left hand)
Scrolls
 b - a scroll of brand weapon {unknown}
 d - a scroll of amnesia {unknown}
 f - 2 scrolls of identify
 j - a scroll of teleportation {unknown}
 m - a scroll of fear {unknown}
Potions
 k - a potion of haste {unknown}
 n - a potion of ambrosia {unknown}

Dungeon Overview and Level Annotations

Branches:
Dungeon (3/15)

Altars:

Shops:
D:2 [   D:3 [


Message History

1679 ||| FLEEEEING.
You shoot an arrow. Something hits you but does no damage.
1681 ||| FLEEEEING.
1682 ||| FLEEEEING.
1683 ||| FLEEEEING.
1684 ||| FLEEEEING.
1685 ||| FLEEEEING.
There is a stone staircase leading down here.
1686 ||| FLEEEEING.
1687 ||| FLEEEEING.
You shoot an arrow. Something hits you but does no damage.
1689 ||| FLEEEEING.
You hear some strange, mumbled words.
Something tries to affect you, but you resist.
You shoot an arrow.
1691 ||| FLEEEEING.
1692 ||| FLEEEEING.
Something hits you.
1693 ||| FLEEEEING.
1694 ||| FLEEEEING.
Something hits you but does no damage.
1695 ||| FLEEEEING.
There is a stone staircase leading up here.
1696 ||| STAIRDANCE Something hits you.
You climb upwards.
Reactivating autopickup.
There is a stone staircase leading down here.
There is a strange disturbance nearby!
Something hits you but does no damage.
Deactivating autopickup; reactivate with Ctrl-A.
You shoot an arrow. Something hits you but does no damage.
You shoot an arrow.
You hear some strange, mumbled words.
A puff of flame appears from out of thin air!
The puff of flame hits you!
You die...

..# ######## #.....# ..# #......#
#.....# ..# #......###.....# ..#
#..............# ### .(##
#......###.....# #.. #..#
#......# #.....# ###..
##)#####......###.##### #...#
........##.#####.{# #...#
........##.# #@## ###..##
........##.# #.# ##....#
.........#.#####.## ######..#..##
..................###...........#
........##........##.............
........##.......................
........##........#..............
........##........#..............
.#####..##........#...........)..


There were no monsters in sight!

Vanquished Creatures
  An orc priest (D:3)
  An orc wizard (D:3)
  An adder (D:2)
  A dart slug (D:2)
  6 orcs
  5 ball pythons
  4 bats
  5 endoplasms
  14 giant cockroaches
  5 hobgoblins
  2 kobolds
  2 quokkas
  3 frilled lizards (D:1)
  7 goblins (D:3)
  3 rats
60 creatures vanquished.

Notes
Turn   | Place    | Note
-------+----------+-------------------------------------------
     0 | D:1      | qw the Deep Elf Hunter began the quest for the Orb.
     0 | D:1      | Reached XP level 1. HP: 12/12 MP: 3/3
     0 | D:1      | 0 ||| qw: Version: 0.3-a-160-g6735b56
     0 | D:1      | 0 ||| qw: Game counter: 5201
     0 | D:1      | 0 ||| qw: Melee chars always use a shield: true
     0 | D:1      | 0 ||| qw: God list: Okawaru
     0 | D:1      | 0 ||| qw: Allow faded altars: false
     0 | D:1      | 0 ||| qw: Do Orc after clearing Dungeon:15 true
     0 | D:1      | 0 ||| qw: Do second Lair branch before Depths: true
     0 | D:1      | 0 ||| qw: Lair rune preference: random
     0 | D:1      | 0 ||| qw: Goals: Normal
     0 | D:1      | 0 ||| PLANNING D:1-11
   416 | D:1      | Reached XP level 2. HP: 16/16 MP: 4/4
   423 | D:1      | Found a faded altar of an unknown god.
   467 | D:1      | Reached skill level 6 in Ranged Weapons
   800 | D:1      | 800 ||| UPGRADING to +0 scale mail.
   810 | D:1      | 810 ||| DROPPING +0 leather armour.
   811 | D:1      | 811 ||| UPGRADING to +0 pair of gloves.
   816 | D:1      | 816 ||| UPGRADING to +6 ring of strength.
   817 | D:1      | 817 ||| READING scroll labelled JELEOBL XUORUE.
   817 | D:1      | 817 ||| IDENTIFYING bubbling puce potion
   818 | D:1      | 818 ||| DROPPING scroll of butterflies.
   899 | D:2      | Identified the +0 robe of Peek-a-Boo {rC+ Will+}
  1014 | D:2      | Found Fimuri's Armour Boutique.
  1023 | D:2      | 1023 ||| BUYING +0 cloak (54 gold).
  1023 | D:2      | Bought a +0 cloak for 54 gold pieces
  1023 | D:2      | 1023 ||| SHOPLISTING +0 scale mail of poison resistance (96
                  | gold, have 39).
  1023 | D:2      | 1023 ||| SHOPLISTING +4 ring mail (312 gold, have 39).
  1217 | D:2      | 1217 ||| UPGRADING to +0 ring mail.
  1227 | D:2      | 1227 ||| DROPPING +0 robe of Peek-a-Boo {rC+ Will+}.
  1228 | D:2      | 1228 ||| DROPPING +0 scale mail.
  1229 | D:2      | 1229 ||| UPGRADING to +0 cloak.
  1234 | D:2      | 1234 ||| READING scroll of identify.
  1234 | D:2      | 1234 ||| IDENTIFYING sedimented purple potion
  1235 | D:2      | 1235 ||| DRINKING 2 purple potions.
  1236 | D:2      | 1236 ||| DROPPING potion of brilliance.
  1270 | D:3      | 1270 ||| STAIRDANCE
  1277 | D:2      | Reached XP level 3. HP: 18/20 MP: 5/5
  1285 | D:3      | 1285 ||| STAIRDANCE
  1291 | D:3      | 1291 ||| STAIRDANCE
  1294 | D:3      | 1294 ||| STAIRDANCE
  1299 | D:3      | HP: 4/20 [orc/+0 dagger (2)]
  1300 | D:3      | 1300 ||| DRINKING potion of heal wounds.
  1302 | D:3      | 1302 ||| STAIRDANCE
  1331 | D:3      | Reached skill level 7 in Ranged Weapons
  1456 | D:3      | Found Ehimm's Armour Shoppe.
  1459 | D:3      | 1459 ||| SHOPLISTING +0 steam dragon scales of Death's Door
                  | {Rampage Will- Str+5 Int-4} (583 gold, have 70).
  1459 | D:3      | 1459 ||| SHOPLISTING +1 ring mail of cold resistance (208
                  | gold, have 70).
  1459 | D:3      | 1459 ||| SHOPLISTING +1 ring mail of positive energy (169
                  | gold, have 70).
  1459 | D:3      | 1459 ||| SHOPLISTING +2 helmet of intelligence (279 gold,
                  | have 70).
  1459 | D:3      | 1459 ||| SHOPLISTING +3 scale mail of poison resistance
                  | (299 gold, have 70).
  1493 | D:3      | Reached XP level 4. HP: 11/25 MP: 6/6
  1537 | D:3      | 1537 ||| FLEEEEING.
  1638 | D:3      | Reached skill level 8 in Ranged Weapons
  1643 | D:3      | 1643 ||| DRINKING 2 potions of curing.
  1643 | D:3      | 1643 ||| (to cure confusion)
  1660 | D:3      | 1660 ||| DRINKING potion of curing.
  1660 | D:3      | 1660 ||| (to cure confusion)
  1666 | D:3      | Reached XP level 5. HP: 14/29 MP: 7/7
  1667 | D:3      | 1667 ||| FLEEEEING.
  1668 | D:3      | 1668 ||| FLEEEEING.
  1670 | D:3      | 1670 ||| FLEEEEING.
  1671 | D:3      | 1671 ||| FLEEEEING.
  1672 | D:3      | 1672 ||| FLEEEEING.
  1675 | D:3      | HP: 6/29 [something/magic dart (4)]
  1676 | D:3      | HP: 2/29 [something (4)]
  1677 | D:3      | 1677 ||| FLEEEEING.
  1678 | D:3      | 1678 ||| FLEEEEING.
  1679 | D:3      | 1679 ||| FLEEEEING.
  1681 | D:3      | 1681 ||| FLEEEEING.
  1682 | D:3      | 1682 ||| FLEEEEING.
  1683 | D:3      | 1683 ||| FLEEEEING.
  1684 | D:3      | 1684 ||| FLEEEEING.
  1685 | D:3      | 1685 ||| FLEEEEING.
  1686 | D:3      | 1686 ||| FLEEEEING.
  1687 | D:3      | 1687 ||| FLEEEEING.
  1689 | D:3      | 1689 ||| FLEEEEING.
  1691 | D:3      | 1691 ||| FLEEEEING.
  1692 | D:3      | 1692 ||| FLEEEEING.
  1692 | D:3      | HP: 5/29 [something (1)]
  1693 | D:3      | 1693 ||| FLEEEEING.
  1694 | D:3      | 1694 ||| FLEEEEING.
  1695 | D:3      | 1695 ||| FLEEEEING.
  1696 | D:3      | 1696 ||| STAIRDANCE
  1700 | D:2      | Killed from afar by an orc wizard

Levels and vault maps discovered:
D:1:      psy_arrival_radial01, layout_basic, ebering_ecumenical_altar_box
D:2:      layout_rooms, serial_shops, nicolae_lakefront_shop
D:3:      minmay_roachtagon, layout_rooms, serial_shops, shop,
          nicolae_shop_behind_doors, uniq_robin, uniq_ijyb

Skill      XL: |  1  2  3  4 |
---------------+-------------+-----
Ranged Weapons | 6 7 8 |  8.4
Fighting       | |  1.5
Dodging        | |  2.4
Stealth        | |  1.2

Action                     |  1- 3 |  4- 6 || total
---------------------------+-------+-------++-------
   Fire: Shortbow          |   113 |    60 ||   173
    Use: Scroll            |     2 |       ||     2
         Potion            |     2 |     2 ||     4
 Armour: Leather armour    |     2 |       ||     2
         Ring mail         |    45 |    57 ||   102
  Dodge: Dodged            |    48 |    19 ||    67

Table legend:
 A = Non-vault XP
 B = Vault XP
 C = Vault XP percentage of total XP
 D = Non-vault monster count
 E = Vault monster count
 F = Vault count percentage of total count
                 A         B        C        D         E       F
            +---------+---------+-------+---------+---------+-------
      Total |     168 |      31 |  15.6 |      44 |      16 |  26.7
            +---------+---------+-------+---------+---------+-------
        D:1 |      25 |       0 |   0.0 |      15 |       0 |   0.0
        D:2 |      34 |       0 |   0.0 |      11 |       0 |   0.0
        D:3 |     109 |      31 |  22.1 |      18 |      16 |  47.1
            +---------+---------+-------+---------+---------+-------
